 Dungeon Sprint DCSS version 0.30-a0-585-g93115170b9 (webtiles) character file.

Game seed: 8172395460934855791

7431 mhtbhm the Imperceptible (level 10, -35/89 HPs)
             Began as an Armataur Brigand on Jan 3, 2023.
             Was a High Priest of Dithmenos.
             Annihilated by a spriggan berserker
             ... wielding a +0 quarterstaff
              (37 damage)
             ... in the Dungeon (Sprint IV: "Fedhas' Mad Dash").
             The game lasted 00:07:09 (2245 turns).

mhtbhm the Imperceptible (Armataur Brigand)         Turns: 2245, Time: 00:07:10

Health: -35/89     AC:  5    Str: 17    XL:     10   Next: 93%
Magic:  16/16      EV: 12    Int: 17    God:    Dithmenos [*****.]
Gold:   222        SH:  0    Dex: 16    Spells: 9/9 levels left

rFire   + . .      SeeInvis .    a - +2 dagger
rCold   + . .      Faith    .    (no shield)
rNeg    . . .      Spirit   .    b - +0 robe {rC+ rF+}
rPois   .          Reflect  .    (no helmet)
rElec   .          Harm     .    c - +0 cloak
rCorr   .          Roll     +    (no gloves)
Will    .....      NoTele   +    (no barding) Stlth ****++++++
                                 l - amulet of invisibility {+Inv}
HPRegen 0.34/turn                q - +6 ring of intelligence
MPRegen 0.15/turn                (no ring)

@: wreathed by umbra
A: large, rugged brown scales 3, deformed body, armoured tail, roll, long
tongue, awkward tongue
a: Renounce Religion, Evoke Invisibility, Shadow Step, Shadow Form


You were in the Dungeon.
You worshipped Dithmenos.
Dithmenos was extremely pleased with you.
You visited 1 branch You collected 222 gold pieces.

Inventory:

Hand Weapons
 a - a +2 dagger (weapon)
Missiles
 d - 14 poisoned darts (quivered)
Armour
 b - a +0 robe of resistance (worn)
 c - a +0 cloak (worn)
 g - the +3 swamp dragon scales of Ignis's Supremacy {rPois Regen+ rCorr Str+2}
   (You found it in the Dungeon)

   Str:       It affects your strength (+2).
   rPois:     It protects you from poison.
   Regen:     It increases your rate of health regeneration.
   rCorr:     It protects you from acid and corrosion.
Jewellery
 l - the amulet of invisibility (around neck) {+Inv}
   (You found it in the Dungeon)

   [amulet of nothing]

   +Inv:      It lets you turn invisible.
 n - a ring of ice
 q - a +6 ring of intelligence (left hand)
Wands
 j - a wand of polymorph (1)
Scrolls
 k - a scroll of blinking
 m - a scroll of enchant weapon {unknown}
 o - 3 scrolls of identify {unknown}
 p - a scroll of vulnerability {unknown}
Potions
 f - 2 potions of curing
 i - 2 potions of magic


   Skills:
 + Level 6.7 Fighting
 + Level 7.4 Short Blades
 + Level 4.8 Throwing
 + Level 5.3 Dodging
 + Level 21.6 Stealth
 * Level 8.2 Invocations
 + Level 11.3 Evocations


You had 9 spell levels left.
You didn't know any spells.
Your spell library contained the following spells:

 Spells                   Type           Power      Damage    Failure   Level
 Ignite Poison            Fire/Tmut/Pois 0%         N/A       56%         3
 Sticky Flame             Conj/Fire      0%         2d3       93%         4
 Ignition                 Fire           0%         3d3       100%        8


Dungeon Overview and Level Annotations

Branches:
Dungeon (1/1)

Altars:
Cheibriados
Dithmenos
Elyvilon
Gozag
Hepliaklqana
Kikubaaqudgha
Makhleb
Nemelex Xobeh
Okawaru
Qazlal
Ru
Sif Muna
Trog
Uskayaw
Vehumet
Wu Jian
Xom
Yredelemnul
Zin
The Shining One
Jiyva
Lugonu

Shops:
D [!*?![::


Innate Abilities, Weirdness & Mutations

You are completely covered in rugged brown scales. (AC +3, +7% HP)
Armour fits poorly on your strangely shaped body.
You have a long armoured tail.
You roll when moving toward enemies. (Rampage)
Your long tongue fully drains potion bottles. (2x potion effects)
Your tongue gives you trouble enunciating. (1.5x scroll delay)


Message History

You closely miss the spriggan berserker.
Your shadow hits the spriggan berserker but does no damage.
The spriggan berserker closely misses you.
You barely miss the spriggan berserker.
The spriggan berserker hits you with a +0 quarterstaff!!
You barely miss the spriggan berserker.
Your shadow misses the spriggan berserker.
The spriggan berserker hits you with a +0 quarterstaff!!!
* * * LOW HITPOINT WARNING * * *
You emit a cloud of dark smoke.
Unknown command.
You hit the spriggan berserker but do no damage.
Your tail-slap misses the spriggan berserker.
Your shadow misses the spriggan berserker.
The spriggan berserker closely misses you.
Press: ? - help, v - describe, . - travel
Here: a spriggan berserker, wielding a +0 quarterstaff and wearing a +0 animal skin (black smoke, berserk, regenerating, strong-willed, umbra)
The floor, spattered with blood.
Unknown command.
Hit: a) +2 dagger
Press: ? - help, Dir - move target, f/p - spriggan berserker
Aim: a spriggan berserker, wielding a +0 quarterstaff and wearing a +0 animal skin (black smoke, berserk, regenerating, strong-willed, umbra, about 49% to evade your +2 dagger)
Okay, then.
Throw: 15 darts (poison)
Press: ? - help, Q - select action, (/) - cycle Shift-Dir - straight line, f/p - spriggan berserker
Aim: a spriggan berserker, wielding a +0 quarterstaff and wearing a +0 animal skin (black smoke, berserk, regenerating, strong-willed, umbra, 40% to hit)
You throw a poisoned dart.
The poisoned dart closely misses the spriggan berserker.
The spriggan berserker completely misses you.
Unknown command.
You barely miss the spriggan berserker. You tail-slap the spriggan berserker.
The spriggan berserker is lightly wounded.
Your shadow hits the spriggan berserker with a dagger.
The spriggan berserker hits you with a +0 quarterstaff!
* * * LOW HITPOINT WARNING * * *
You closely miss the spriggan berserker.
Your tail-slap misses the spriggan berserker.
The spriggan berserker is lightly wounded.
The spriggan berserker hits you with a +0 quarterstaff!!!
You die...

.#._._._._._.⌠.#################.
.###################.†..)[###....
##♣♣♣♣♣..♣.###.'..'.......'.'..)♣
'......♣..♣##..#..#.P.....#######
#♣..♣♣♣.♣).###.##'##.P....#
#.♣♣..♣...♣'...#♣.♣######## ##
#############.§§..####
###.§♣§§♣....###
####.(§♣@§§...♣...♣###
.....(Yi♣§§...∩.∩..).#
.#####################


You could see an elephant (summoned, berserk, poisoned, slow) and a spriggan
berserker (berserk, regenerating, strong-willed).

Vanquished Creatures
  Agnes (D)
  A spriggan defender (D)
  A spriggan druid (D)
  6 oklob plants (D)
  An efreet (D)
  3 wandering mushrooms (D)
  A queen bee (D)
  2 burning bushes (D)
  A hornet (D)
  3 scorpions (D)
  4 killer bees (D)
  5 oklob saplings (D)
  5 spriggans (D)
  A river rat (D)
  A rat (D)
  A ballistomycete spore (D)
37 creatures vanquished.

Notes
Turn   | Place    | Note
-------+----------+-------------------------------------------
     0 | D        | mhtbhm the Armataur Brigand began the quest for the Orb.
     0 | D        | Reached XP level 1. HP: 18/18 MP: 1/1
    19 | D        | Reached skill level 6 in Stealth
    19 | D        | Reached XP level 2. HP: 11/25 MP: 2/2
    81 | D        | Noticed an oklob sapling
    82 | D        | Killed an oklob sapling
    83 | D        | Reached skill level 7 in Stealth
    83 | D        | Reached XP level 3. HP: 32/32 MP: 3/3
    85 | D        | Noticed a scorpion
    85 | D        | Found the amulet of invisibility {+Inv}
    87 | D        | Killed a scorpion
    88 | D        | Reached skill level 1 in Dodging
    88 | D        | Reached skill level 9 in Stealth
    88 | D        | Reached XP level 4. HP: 40/40 MP: 4/4
   113 | D        | Found an opulent altar of Gozag.
   113 | D        | Found a hazy altar of Hepliaklqana.
   113 | D        | Found a burning altar of Makhleb.
   113 | D        | Found a sparkling altar of Nemelex Xobeh.
   113 | D        | Found a snail-covered altar of Cheibriados.
   113 | D        | Found a sacrificial altar of Ru.
   113 | D        | Found a shimmering blue altar of Sif Muna.
   113 | D        | Found a shimmering altar of Xom.
   113 | D        | Found a basalt altar of Yredelemnul.
   114 | D        | Found a viscous altar of Jiyva.
   114 | D        | Found a bloodstained altar of Trog.
   114 | D        | Found an ornate altar of the Wu Jian Council.
   115 | D        | Found an iron altar of Okawaru.
   115 | D        | Found a shadowy altar of Dithmenos.
   115 | D        | Found a glowing silver altar of Zin.
   116 | D        | Found an ancient bone altar of Kikubaaqudgha.
   116 | D        | Found a hide-covered altar of Uskayaw.
   117 | D        | Found a stormy altar of Qazlal.
   117 | D        | Found a glowing golden altar of the Shining One.
   117 | D        | Found a white marble altar of Elyvilon.
   118 | D        | Found a radiant altar of Vehumet.
   118 | D        | Found a corrupted altar of Lugonu.
   120 | D        | Reached skill level 11 in Stealth
   120 | D        | Reached XP level 5. HP: 48/48 MP: 5/5
   122 | D        | Became a worshipper of Dithmenos the Shadowed
   131 | D        | Reached skill level 1 in Evocations
   175 | D        | Reached skill level 12 in Stealth
   286 | D        | Reached * piety under Dithmenos
   561 | D        | Reached skill level 13 in Stealth
   561 | D        | Reached XP level 6. HP: 26/55 MP: 6/6
   568 | D        | Found Towoq Qole's Distillery.
   568 | D        | Found Biythu Ucuh's Armour Emporium.
   769 | D        | Noticed a burning bush
   769 | D        | Noticed a wandering mushroom
   770 | D        | Noticed a wandering mushroom
   771 | D        | Killed a wandering mushroom
   771 | D        | Reached ** piety under Dithmenos
   772 | D        | Reached skill level 14 in Stealth
   772 | D        | Reached XP level 7. HP: 64/64 MP: 7/7
   773 | D        | Killed a wandering mushroom
   774 | D        | Reached skill level 5 in Fighting
   774 | D        | Reached skill level 5 in Short Blades
   774 | D        | Reached skill level 15 in Stealth
   774 | D        | Reached skill level 5 in Evocations
   811 | D        | HP: 3/65 [burning bush/puff of flame (12)]
  1453 | D        | Found Faga Fin's Distillery.
  1454 | D        | Found Pacy's Armour Emporium.
  1732 | D        | Noticed a queen bee
  1735 | D        | Killed a queen bee
  1736 | D        | Reached XP level 8. HP: 73/73 MP: 8/8
  1736 | D        | Reached *** piety under Dithmenos
  1737 | D        | Reached skill level 16 in Stealth
  1762 | D        | Noticed an oklob plant
  1765 | D        | Killed an oklob plant
  1802 | D        | Noticed a burning bush
  1806 | D        | Killed a burning bush
  1806 | D        | Reached **** piety under Dithmenos
  1807 | D        | Reached skill level 17 in Stealth
  1823 | D        | Noticed a burning bush
  1823 | D        | Noticed an oklob plant
  1824 | D        | Noticed a wandering mushroom
  1825 | D        | Killed a burning bush
  1826 | D        | Reached skill level 1 in Invocations
  1826 | D        | Reached XP level 9. HP: 80/80 MP: 8/10
  1828 | D        | Killed an oklob plant
  1831 | D        | Killed a wandering mushroom
  1832 | D        | Reached skill level 18 in Stealth
  1832 | D        | Reached ***** piety under Dithmenos
  1833 | D        | Identified the +9 war axe of Deformation {freeze, rPois
                  | Str+9}
  1867 | D        | Noticed a spriggan druid
  1868 | D        | Killed a spriggan druid
  1885 | D        | Noticed an oklob plant conjurer
  1886 | D        | Killed an oklob plant conjurer
  1952 | D        | Noticed an oklob plant
  1952 | D        | Noticed an oklob plant summoner
  1953 | D        | Noticed an oklob plant shifter
  1957 | D        | Killed an oklob plant
  1958 | D        | Reached skill level 19 in Stealth
  1958 | D        | Reached skill level 5 in Invocations
  1961 | D        | Killed an oklob plant shifter
  1962 | D        | Reached XP level 10. HP: 89/89 MP: 12/14
  1962 | D        | Killed an oklob plant summoner
  1963 | D        | Reached skill level 10 in Evocations
  1967 | D        | Noticed a demonic crawler
  1983 | D        | a demonic crawler changed into an efreet
  2068 | D        | Noticed a spriggan rider
  2069 | D        | Found Ziboageq's Book Emporium.
  2071 | D        | Reached skill level 5 in Dodging
  2072 | D        | Found Uhecve's Book Shoppe.
  2073 | D        | Killed a spriggan rider
  2073 | D        | Reached ****** piety under Dithmenos
  2074 | D        | Reached skill level 20 in Stealth
  2116 | D        | Identified the +7 great sword of the Hierophant {vamp, rC++
                  | Dex+4}
  2148 | D        | Noticed Agnes
  2150 | D        | Found Top Haen's General Store.
  2150 | D        | Found Zoluly's Magic Scroll Shoppe.
  2151 | D        | Killed Agnes
  2152 | D        | Reached skill level 21 in Stealth
  2180 | D        | Noticed a spriggan defender
  2182 | D        | Identified the +3 swamp dragon scales of Ignis's Supremacy
                  | {rPois Regen+ rCorr Str+2}
  2183 | D        | Killed a spriggan defender
  2234 | D        | Noticed a spriggan berserker
  2236 | D        | Noticed an elephant
  2244 | D        | HP: 2/89 [spriggan berserker/+0 quarterstaff (7)]
  2245 | D        | Annihilated by a spriggan berserker

Illustrated notes

Levels and vault maps discovered:
D:        dungeon_sprint_fedhas [sprint_temple]

Skill      XL: |  1  2  3  4  5  6  7  8  9 10 |
---------------+-------------------------------+-----
Fighting       | 2 3 4 5 6 |  6.7
Short Blades   | 2 3 4 5 6 7 |  7.4
Throwing       | 2 3 4 |  4.8
Stealth        | 6 7 9 11 13 14 15 17 19 21 | 21.6
Dodging        | 1 2 3 4 5 |  5.3
Evocations     | 2 4 6 8 9 11 | 11.3
Invocations    | 1 5 8 |  8.2

Action                   |  1- 3 |  4- 6 |  7- 9 | 10-12 || total
-------------------------+-------+-------+-------+-------++-------
Melee: Dagger            |    12 |    23 |    64 |    20 ||   119
       Tailslap          |       |     1 |    16 |     1 ||    18
       Punch             |       |       |     3 |     1 ||     4
Throw: Dart              |     1 |     2 |       |     4 ||     7
Invok: Shadow Step       |       |       |       |     2 ||     2
 Abil: Evoke Invisibilit |       |     4 |     5 |     1 ||    10
Evoke: Wand              |       |       |       |     1 ||     1
  Use: Potion            |       |     1 |       |     2 ||     3
 Stab: Sleeping          |     2 |     4 |    17 |     6 ||    29
       Invisible         |       |       |     2 |     1 ||     3
Armor: Robe              |     1 |     1 |       |     1 ||     3
Dodge: Dodged            |     4 |     6 |     2 |    13 ||    25

Table legend: (Time is in decaauts)
 A = Elapsed time spent in this place.
 B = Non-inter-level travel time spent in this place.
 C = Inter-level travel time spent in this place.
 D = Time resting spent in this place.
 E = Time spent auto-exploring this place.
 F = Levels seen in this place.
 G = Mean time per level.
                   A        B        C        D        E       F      G
               +--------+--------+--------+--------+--------+-----+--------+
         Total |   2203 |   2203 |      0 |   1595 |      0 |   1 | 2203.0 |
       Dungeon |   2203 |   2203 |      0 |   1595 |      0 |   1 | 2203.0 |
               +--------+--------+--------+--------+--------+-----+--------+

Top non-repeatable levels by time:
       D: 2203 daAuts
